 Dungeon Crawl Stone Soup version 0.23-a0-607-g760965b (webtiles) character file.

38 galech the Skirmisher (level 3, 26/29 HPs)
             Began as a Demonspawn Fighter on Dec 20, 2018.
             Quit the game on level 2 of the Dungeon.
             The game lasted 00:01:12 (1117 turns).

galech the Skirmisher (Demonspawn Fighter)          Turns: 1117, Time: 00:01:13

Health: 26/29      AC:  9    Str: 16    XL:     3   Next: 25%
Magic:  3/3        EV:  4    Int:  9    God:
Gold:   68         SH:  9    Dex: 15    Spells: 2/2 levels left

rFire    . . .     SeeInvis .   a - +0 war axe
rCold    . . .     Gourm    .   c - +0 shield
rNeg     . . .     Faith    .   m - +0 chain mail
rPois    .         Spirit   .   (helmet restricted)
rElec    .         Reflect  .   (no cloak)
rCorr    .         Harm     .   (no gloves)
MR       .....                  (no boots)
Stlth    ..........             (no amulet)
HPRegen  0.09/turn              (no ring)
MPRegen  0.08/turn              (no ring)

@: no status effects
A: antennae 1, thin skeletal structure 1
a: no special abilities


You were on level 2 of the Dungeon.
You were not hungry.

You visited 1 branch of the dungeon, and saw 2 of its levels.

You collected 68 gold pieces.

Inventory:

Hand Weapons
 a - a +0 war axe (weapon)
Armour
 c - a +0 shield (worn)
 m - a +0 chain mail (worn)
Scrolls
 h - a scroll of enchant weapon {unknown}
 i - 2 scrolls of remove curse {unknown}
 j - a scroll of fog {unknown}
 l - a scroll of immolation {unknown}
Potions
 b - a potion of heal wounds {unknown}
 d - a potion of might
 e - a potion of degeneration {unknown}
 k - a potion of cancellation {unknown}
Comestibles
 f - 4 rations
 g - 4 chunks of flesh


   Skills:
 + Level 3.4 Fighting
 + Level 2.0 Axes
 + Level 3.2 Armour
 + Level 0.1 Dodging
 + Level 3.0 Shields


You had 2 spell levels left.
You didn't know any spells.
Your spell library was empty.

Dungeon Overview and Level Annotations

Branches:
Dungeon (2/15)

Altars:


Innate Abilities, Weirdness & Mutations

You have a pair of small antennae on your head.
You have a somewhat thin skeletal structure. (Dex +2, Stealth)


Message History

You butcher the giant cockroach corpse.
g - 4 chunks of flesh (gained 2)
An ooze comes into view.
The ooze quivers.
You see here a ration.
You slash the ooze!
The ooze is heavily wounded.
The ooze hits you. The ooze barely misses you.
You hit the ooze.
The ooze is almost dead.
The ooze hits you but does no damage.
You slash the ooze!
You kill the ooze!
No target in view!
No target in view!
No target in view!
No target in view!
No target in view!
No target in view!
Are you sure you want to abandon this character and quit the game? (Confirm

#.. .. #.# ###. #.#
... #.# #.# #.###.#
# ######.....## #
#...........# #
#.####..###%#####.##
# #.# #..#
#.@....... #
#.####..# #..####...
# #.##....# #..# #
#.##.##.# #..# #
#.##.##.. .... #
#.##.######..# #
#.##.# #....# #
#.##.######.##.# #
#...........##.# #


There were no monsters in sight!

Vanquished Creatures
  An ooze (D:2)
  A worm (D:2)
  A leopard gecko (D:1)
  3 giant cockroaches
  4 goblins
  5 hobgoblins
  A quokka (D:2)
  A ball python (D:2)
  3 bats
  2 frilled lizards (D:2)
  3 kobolds
  3 rats (D:2)
28 creatures vanquished.

Notes
Turn   | Place    | Note
-------+----------+-------------------------------------------
     0 | D:1      | galech the Demonspawn Fighter began the quest for the Orb.
     0 | D:1      | Reached XP level 1. HP: 18/18 MP: 1/1
   364 | D:1      | Gained mutation: You have a pair of small antennae on your
                  | head. [demonic ancestry]
   364 | D:1      | Reached XP level 2. HP: 22/24 MP: 2/2
   961 | D:2      | Gained mutation: You have a somewhat thin skeletal
                  | structure. (Dex +2, Stealth) [demonic ancestry]
   961 | D:2      | Reached XP level 3. HP: 29/29 MP: 3/3
  1117 | D:2      | Quit the game

Vault maps used:
D:1:      psy_arrival_radial02, hex_large
D:2:      grunt_ministairs_7, grunt_qazlal_sundering

Skill      XL: |  1  2  3 |
---------------+----------+-----
Armour         | 3 |  3.2
Shields        | 3 |  3.0
Axes           | 2 |  2.0
Fighting       | |  3.4
Dodging        | |  0.1

Action                   || total
-------------------------++-------
Melee: War axe           ||    85
  Eat: Chunk             ||     1
Armor: Scale mail        ||    30
       Chain mail        ||    16
Dodge: Dodged            ||    21
Block: Shield            ||    48

Table legend:
 A = Non-vault XP
 B = Vault XP
 C = Vault XP percentage of total XP
 D = Non-vault monster count
 E = Vault monster count
 F = Vault count percentage of total count
                 A         B        C        D         E       F
            +---------+---------+-------+---------+---------+-------
      Total |      53 |       2 |   3.6 |      26 |       2 |   7.1
            +---------+---------+-------+---------+---------+-------
        D:1 |      17 |       0 |   0.0 |       9 |       0 |   0.0
        D:2 |      36 |       2 |   5.3 |      17 |       2 |  10.5
            +---------+---------+-------+---------+---------+-------
